 Dungeon Crawl Stone Soup version 0.24.0-13-gcf9b3192b9 (webtiles) character file.

Game seed: 9861569565815361098, levelgen mode: deterministic

144 Esekla the Slasher (level 5, -3/32 HPs)
             Began as a Deep Elf Chaos Knight on Nov 5, 2019.
             Was a Plaything of Xom.
             Slain by an orc
             ... wielding a +2 whip of electrocution
              (16 damage)
             ... on level 3 of the Dungeon.
             The game lasted 00:16:51 (2179 turns).

Esekla the Slasher (Deep Elf Chaos Knight)          Turns: 2179, Time: 00:16:52

Health: -3/32      AC:  6    Str:  9    XL:     5   Next: 5%
Magic:  16/16      EV: 13    Int: 17    God:    Xom [.....*]
Gold:   79         SH:  0    Dex: 15    Spells: 4/4 levels left

rFire    . . .     SeeInvis .   a - +0 falchion (chaos)
rCold    . . .     Gourm    .   (no shield)
rNeg     . . .     Faith    .   b - +2 leather armour
rPois    .         Spirit   .   j - +0 helmet
rElec    .         Reflect  .   (no cloak)
rCorr    .         Harm     .   (no gloves)
MR       .....                  (no boots)
Stlth    ++........             (no amulet)
HPRegen  0.10/turn              d - ring of magical power
MPRegen  0.15/turn              (no ring)

@: lethally poisoned (-3 -> -4), about to teleport
A: no striking features
a: Renounce Religion


You were on level 3 of the Dungeon.
You worshipped Xom.
You were Xom's teddy bear.
You were very hungry.

You visited 1 branch of the dungeon, and saw 3 of its levels.

You collected 79 gold pieces.

Inventory:

Hand Weapons
 a - a +0 falchion of chaos (weapon)
Missiles
 k - 17 poisoned darts (quivered)
Armour
 b - a +2 leather armour (worn)
 j - a +0 helmet (worn)
Jewellery
 d - a ring of magical power (left hand)
Scrolls
 g - 3 scrolls of teleportation
 i - 2 scrolls of amnesia {unknown}
 l - 3 scrolls of remove curse
 o - 2 scrolls of blinking {unknown}
Potions
 e - a potion of heal wounds
 h - a potion of resistance
 m - a potion of berserk rage
 n - a potion of invisibility
 p - a potion of brilliance
Comestibles
 c - 3 rations


   Skills:
 - Level 2.8 Fighting
 * Level 4.4 Long Blades
 + Level 1.2 Armour
 + Level 3.0 Dodging
 + Level 1.2 Stealth


You had 4 spell levels left.
You didn't know any spells.
Your spell library was empty.

Dungeon Overview and Level Annotations

Branches:
Dungeon (3/15)

Altars:
Gozag
Sif Muna
Wu Jian

Shops:
D:3 *


Message History

You have reached level 5!
You feel sick.
You completely miss the orc. The orc closely misses you.
You barely miss the orc. The orc misses you.
You barely miss the orc.
The orc hits you with a +2 whip of electrocution.
You hit the orc but do no damage.
The orc seems to speed up.
You feel sick. The orc hits you but does no damage. The orc misses you.
You feel much better. The orc closely misses you.
You hit the orc. You burn the orc.
The orc is almost dead.
The orc hits you but does no damage.
You are electrocuted!
Ouch! That really hurt!
The orc barely misses you.
As you read the scroll of teleportation, it crumbles to dust.
You feel strangely unstable.
The orc hits you with a +2 whip of electrocution.
You are electrocuted!
Ouch! That really hurt!
You die...

#.##......##..##.#.#
#..##......##....#.#
##.(##......##..##.#
#....##......##..#.#
#.##..##......##.#.#
###....##......###.#
#...##..##......##.#
#.###...###......#.#######
###...###......#@#.......#
#...###......###o#######.#
#.###......###...# #.#
#'#......###....## #.#
#......###....#. #.#
.....### .[##.## #######.#
#..### # # #.......# ####
#.####### #.#


You could see an orc.

Vanquished Creatures
  Natasha (D:3)
  A gnoll (D:2)
  3 adders
  4 oozes
  4 dart slugs
  3 leopard geckos (D:1)
  2 orcs (D:3)
  A giant cockroach (D:3)
  6 goblins
  4 hobgoblins
  A jackal (D:3)
  3 kobolds
  A quokka (D:3)
  2 ball pythons (D:2)
  9 bats
  6 frilled lizards
  4 rats (D:1)
55 creatures vanquished.

Notes
Turn   | Place    | Note
-------+----------+-------------------------------------------
     0 | D:1      | Esekla the Deep Elf Chaos Knight began the quest for the
                  | Orb.
     0 | D:1      | Reached XP level 1. HP: 13/13 MP: 3/3
    56 | D:1      | XOM: potion effect (invisibility)
    60 | D:1      | Reached XP level 2. HP: 18/18 MP: 4/4
   101 | D:1      | Reached skill level 3 in Long Blades
   252 | D:2      | Reached XP level 3. HP: 22/22 MP: 5/5
   359 | D:2      | XOM: smoke on damage
   479 | D:2      | XOM: harmless Summ miscast
   680 | D:1      | You fall into a shaft and drop 1 floor!
   959 | D:1      | Reached XP level 4. HP: 23/27 MP: 6/6
  1003 | D:1      | XOM: harmless Chrm miscast
  1365 | D:2      | Reached skill level 4 in Long Blades
  1370 | D:2      | XOM: polymorph leopard gecko -> ball python
  1653 | D:3      | Reached skill level 1 in Armour
  1693 | D:3      | XOM: 2-stop teleportation journey
  1698 | D:3      | Found a shimmering blue altar of Sif Muna.
  1711 | D:3      | Found Gozag's Platinum Reserve.
  1720 | D:3      | Noticed Natasha
  1928 | D:3      | Found an opulent altar of Gozag.
  1933 | D:3      | XOM: smoke on damage
  1937 | D:3      | XOM: smoke on damage
  1938 | D:3      | Killed Natasha
  1938 | D:3      | Reached skill level 1 in Stealth
  1953 | D:3      | Found an ornate altar of the Wu Jian Council.
  2094 | D:3      | XOM: 3-stop teleportation journey
  2172 | D:3      | Reached XP level 5. HP: 19/32 MP: 7/7
  2179 | D:3      | Slain by an orc

Levels and vault maps discovered:
D:1:      ebering_trefoil_3fold, layout_basic
D:2:      layout_loops_ring, st_stairs_5, minivault_23
D:3:      minmay_razor_zed, layout_basic, nicolae_gozag_zags_fifth_avenue,
          overflow_temple_1_default, old_standard_altar, uniq_natasha

Skill      XL: |  1  2  3  4 |
---------------+-------------+-----
Long Blades    | 3 4 |  4.4
Armour         | 1 |  1.2
Dodging        | 3 |  3.0
Stealth        | 1 |  1.2
Fighting       | |  2.8

Action                   |  1- 3 |  4- 6 || total
-------------------------+-------+-------++-------
Melee: Falchion          |    91 |    65 ||   156
  Use: Scroll            |       |     7 ||     7
       Potion            |       |     2 ||     2
 Stab: Invisible         |     2 |       ||     2
       Sleeping          |     2 |     4 ||     6
  Eat: Chunk             |       |     3 ||     3
Armor: Leather armour    |    27 |    22 ||    49
Dodge: Dodged            |    51 |    44 ||    95
       Rpst.: Falchion   |     7 |    12 ||    19
